[Event "ICC tourney 2548 (75 10)"]
[Site "Internet Chess Club"]
[Date "2021.05.02"]
[Round "5"]
[White "WANG, ALEXANDER J:ickyquarter"]
[Black "ZENG, ELBERT:investigator"]
[Result "1/2-1/2"]
[ICCResult "Game drawn by mutual agreement"]
[WhiteElo "2050"]
[BlackElo "2123"]
[Opening "Pirc: classical (two knights) system"]
[ECO "B08"]
[NIC "PU.10"]
[Time "14:32:26"]
[PlyCount "138"]
[TimeControl "4500+10"]

1. e4 d6 2. d4 Nf6 3. Nc3 g6 4. Nf3 Bg7 5. Be3 a6 6. a4 O-O 7. h3 Nc6 8.
Be2 e5 9. dxe5 dxe5 10. Qc1 Be6 11. O-O Qe7 12. Bd3 Qb4 13. Bd2 Qd6 14. Rd1
Rad8 15. Bg5 Nd4 16. Qe3 Rde8 17. Ne2 Nd7 18. Nexd4 exd4 19. Qd2 c5 20. Bf4
Qc6 21. b3 b5 22. axb5 axb5 23. Bf1 Ra8 24. Bh6 b4 25. Bxg7 Kxg7 26. Bd3 h6
27. Qe2 Ra3 28. Bb5 Qb6 29. Ba4 Qa5 30. Qd2 Rxa1 31. Rxa1 Nb6 32. Qf4 Ra8
33. Ne5 c4 34. Ng4 Bxg4 35. hxg4 Qc5 36. Qd2 cxb3 37. cxb3 Qc3 38. Rd1 Rd8
39. Kf1 g5 40. Ke1 Kf6 41. Rc1 Qxd2+ 42. Kxd2 Rc8 43. Rxc8 Nxc8 44. Kd3 Ke5
45. g3 Nd6 46. Bc6 f6 47. f3 Nc8 48. Kc4 Nb6+ 49. Kxb4 Kd6 50. Bb5 Nc8 51.
Kc4 Ke5 52. Bc6 Ne7 53. Bb7 Ng6 54. b4 Nh4 55. gxh4 gxh4 56. f4+ Kxf4 57.
e5 fxe5 58. b5 Ke3 59. b6 d3 60. Bc6 d2 61. Ba4 h3 62. b7 h2 63. b8=Q h1=Q
64. Qxe5+ Qe4+ 65. Qxe4+ Kxe4 66. Kc3 Kf4 67. Bd1 Kg5 68. Kxd2 h5 69. gxh5
Kh6 { Game drawn by mutual agreement } 1/2-1/2

[Event "ICC tourney 2548 (75 10)"]
[Site "Internet Chess Club"]
[Date "2021.05.02"]
[Round "5"]
[White "FANG, JADEN:SaltyCarrot777"]
[Black "RAMA, TEJAS:tejasrama"]
[Result "1-0"]
[ICCResult "Black checkmated"]
[WhiteElo "2043"]
[BlackElo "2282"]
[Opening "Giuoco Pianissimo"]
[ECO "C55"]
[NIC "IG.01"]
[Time "14:32:17"]
[PlyCount "113"]
[TimeControl "4500+10"]

1. e4 e5 2. Nf3 Nc6 3. Bc4 Nf6 4. d3 Bc5 5. c3 O-O 6. O-O d6 7. h3 a6 8. a4
h6 9. Nbd2 Rb8 10. b4 Ba7 11. b5 Na5 12. Ba2 Bd7 13. c4 Kh8 14. Re1 Nh7 15.
Nf1 f5 16. Bd2 c6 17. Bb4 Rf6 18. Ng3 f4 19. Nh5 Rg6 20. Kf1 c5 21. Bc3 Re6
22. Qd2 Bb6 23. Rab1 Kg8 24. Nxf4 exf4 25. Qxf4 Bc7 26. Qg3 Nf6 27. Kg1 b6
28. Nh4 d5 29. f4 dxe4 30. dxe4 Qf8 31. Qf3 Rbe8 32. Rbd1 Bc8 33. e5 Bb7
34. Qd3 Rd8 35. Qf5 Bc8 36. Qc2 Rxd1 37. Rxd1 Nh5 38. Rf1 Bd8 39. Nf5 g6
40. Ne3 Nxf4 41. Nd5 g5 42. g3 Nxh3+ 43. Kg2 Qe8 44. Bb1 Qd7 45. Qf5 Qg7
46. Qxh3 g4 47. Qh5 axb5 48. Bf5 Qf7 49. Qxg4+ Bg5 50. Nf6+ Rxf6 51. exf6
Nxc4 52. Re1 Bb7+ 53. Kh2 Bd5 54. Re7 Qf8 55. Bh7+ Kh8 56. f7+ Kxh7 57.
Qf5# { Black checkmated } 1-0

[Event "ICC tourney 2548 (75 10)"]
[Site "Internet Chess Club"]
[Date "2021.05.02"]
[Round "6"]
[White "KRISHNAKUMAR, SRIRAM:sriramk"]
[Black "ZENG, ELBERT:investigator"]
[Result "0-1"]
[ICCResult "White resigns"]
[WhiteElo "2149"]
[BlackElo "2123"]
[Opening "Pirc: classical (two knights) system"]
[ECO "B08"]
[NIC "PU.10"]
[Time "18:02:13"]
[PlyCount "62"]
[TimeControl "4500+10"]

1. e4 d6 2. d4 Nf6 3. Nc3 g6 4. Nf3 Bg7 5. Be3 a6 6. Qd2 b5 7. a3 O-O 8.
Bh6 Nc6 9. h4 Bg4 10. O-O-O e5 11. dxe5 dxe5 12. Bxg7 Kxg7 13. Qg5 Qe7 14.
h5 Bxf3 15. gxf3 h6 16. Qe3 g5 17. Bh3 Rad8 18. Bg4 Nd4 19. Ne2 Qc5 20. c3
Nb3+ 21. Kc2 Qc4 22. Ng3 Na5 23. Nf5+ Kh7 24. Rxd8 Rxd8 25. Kb1 Qb3 26. Qc1
Nc4 27. Ne3 Nxa3+ 28. Ka1 Nc4 29. Nxc4 Qxc4 30. Qc2 b4 31. Kb1 b3 { White
resigns } 0-1

[Event "ICC tourney 2548 (75 10)"]
[Site "Internet Chess Club"]
[Date "2021.05.02"]
[Round "6"]
[White "LEVINE, JOSEPH:e4betterthand4"]
[Black "SHEEHAN, ETHAN THOMAS:Chessking2008"]
[Result "0-1"]
[ICCResult "White checkmated"]
[WhiteElo "2149"]
[BlackElo "2192"]
[Opening "Sicilian: Najdorf"]
[ECO "B90"]
[NIC "SI.14"]
[Time "18:02:18"]
[PlyCount "128"]
[TimeControl "4500+10"]

1. e4 c5 2. Nf3 d6 3. d4 cxd4 4. Nxd4 Nf6 5. Nc3 a6 6. Bd3 g6 7. O-O Bg7 8.
Be2 O-O 9. Be3 Nc6 10. h3 Bd7 11. Qd2 Rc8 12. f4 b5 13. Bf3 Na5 14. b3 e5
15. Nde2 b4 16. Qxd6 bxc3 17. fxe5 Ne8 18. Qxa6 Nc6 19. Bc5 Nc7 20. Qd3
Nxe5 21. Qe3 Re8 22. Rad1 Ne6 23. Bb6 Qe7 24. a4 Ng5 25. Nd4 Nexf3+ 26.
Nxf3 Nxf3+ 27. Rxf3 Bc6 28. Qf2 Bxe4 29. Re3 Qb7 30. Bd4 Red8 31. Ree1 Bxd4
32. Rxd4 Rxd4 33. Qxd4 Bxc2 34. Rc1 Bxb3 35. Rxc3 Rxc3 36. Qd8+ Kg7 37.
Qd4+ f6 38. Qxc3 Bxa4 39. Qd2 Bc6 40. g4 Qb1+ 41. Kf2 Qe4 42. Qd6 Qf3+ 43.
Ke1 Qe3+ 44. Kf1 Qxh3+ 45. Kf2 Qf3+ 46. Ke1 Qe3+ 47. Kf1 Bb5+ 48. Kg2 Qe2+
49. Kg1 Qxg4+ 50. Kf2 Qe2+ 51. Kg1 Qe5 52. Qb6 Qg3+ 53. Kh1 Qf3+ 54. Kg1
Bc6 55. Qc7+ Kh6 56. Qf4+ Kh5 57. Qh2+ Kg4 58. Qe2 Be4 59. Qd2 Qg3+ 60. Kf1
Bd3+ 61. Qxd3 Qxd3+ 62. Kg2 Qc2+ 63. Kh1 Kg3 64. Kg1 Qb1# { White
checkmated } 0-1

[Event "ICC tourney 2548 (75 10)"]
[Site "Internet Chess Club"]
[Date "2021.05.02"]
[Round "6"]
[White "RODRIGUEZ, ELENA:Cachi16"]
[Black "HU, ALEXANDER C:ahu1015"]
[Result "1-0"]
[ICCResult "Black resigns"]
[WhiteElo "2100"]
[BlackElo "2023"]
[Opening "Sicilian: Canal-Sokolsky attack, Sokolsky variation"]
[ECO "B52"]
[NIC "SI.01"]
[Time "18:02:21"]
[PlyCount "45"]
[TimeControl "4500+10"]

1. e4 c5 2. Nf3 d6 3. Bb5+ Bd7 4. Bxd7+ Qxd7 5. c4 Nf6 6. Nc3 g6 7. d4 cxd4
8. Nxd4 Bg7 9. Be3 Nc6 10. f3 O-O 11. Qd2 Rac8 12. b3 a6 13. a4 e6 14. O-O
d5 15. cxd5 exd5 16. exd5 Nxd5 17. Nxc6 bxc6 18. Rad1 Qb7 19. Nxd5 Rfd8 20.
Qb4 Qxb4 21. Nxb4 Rxd1 22. Rxd1 Bf8 23. Nxa6 { Black resigns } 1-0

[Event "ICC tourney 2548 (75 10)"]
[Site "Internet Chess Club"]
[Date "2021.05.02"]
[Round "6"]
[White "REMPE, JONAS JAKOB RAZA:Drachekokosnuss"]
[Black "DENG, HENRY:SuperPuzzler"]
[Result "0-1"]
[ICCResult "White resigns"]
[WhiteElo "2100"]
[BlackElo "2076"]
[Opening "Ruy Lopez: closed, Bogolyubov variation"]
[ECO "C91"]
[NIC "RL.20"]
[Time "18:02:16"]
[PlyCount "74"]
[TimeControl "4500+10"]

1. e4 e5 2. Nf3 Nc6 3. Bb5 a6 4. Ba4 Nf6 5. O-O Be7 6. Re1 b5 7. Bb3 d6 8.
c3 O-O 9. d4 Bg4 10. Be3 exd4 11. cxd4 Na5 12. Bc2 Nc4 13. Bc1 c5 14. b3
Nb6 15. Nbd2 Nfd7 16. Bb2 Rc8 17. h3 Bh5 18. g4 Bg6 19. Nf1 Re8 20. Ng3 c4
21. Nf5 Bf8 22. Ng3 Qc7 23. h4 d5 24. h5 Bxe4 25. Nxe4 dxe4 26. Bxe4 Rcd8
27. Rc1 Nf6 28. Bf5 g6 29. Rxe8 Rxe8 30. d5 Nbxd5 31. g5 Qf4 32. Bh3 Bc5
33. Kg2 Bxf2 34. Bxf6 Qg3+ 35. Kh1 Re1+ 36. Qxe1 Qxf3+ 37. Kh2 Qg3+ { White
resigns } 0-1

[Event "ICC tourney 2548 (75 10)"]
[Site "Internet Chess Club"]
[Date "2021.05.02"]
[Round "6"]
[White "LUO, TERRY:Terry1234"]
[Black "PACIORKOWSKI, LEV:paciorkowski"]
[Result "1-0"]
[ICCResult "Black resigns"]
[WhiteElo "2266"]
[BlackElo "2482"]
[Opening "Benoni: fianchetto variation"]
[ECO "A62"]
[NIC "BI.23"]
[Time "18:02:10"]
[PlyCount "77"]
[TimeControl "4500+10"]

1. d4 Nf6 2. c4 e6 3. g3 c5 4. d5 exd5 5. cxd5 d6 6. Nc3 g6 7. Bg2 Bg7 8.
Nf3 O-O 9. O-O Re8 10. Bf4 Nh5 11. Bg5 Qc7 12. Rc1 Bg4 13. h3 Bxf3 14. Bxf3
Nf6 15. b4 c4 16. Qc2 Nfd7 17. Bf4 Ne5 18. Bxe5 Bxe5 19. Nb5 Qb6 20. Qxc4
Na6 21. Kg2 Rac8 22. Qxc8 Rxc8 23. Rxc8+ Kg7 24. Na3 Qxb4 25. Nc4 Bf6 26.
a3 Qa4 27. Nxd6 Qd7 28. Ne8+ Kh6 29. Rfc1 Be7 30. Ra8 Bxa3 31. Rc4 Be7 32.
d6 Bd8 33. Rcc8 Bb6 34. Nf6 Qxd6 35. Ng4+ Kg5 36. h4+ Kf5 37. e4+ Ke6 38.
Re8+ Kd7 39. e5 { Black resigns } 1-0

[Event "ICC tourney 2548 (75 10)"]
[Site "Internet Chess Club"]
[Date "2021.05.02"]
[Round "6"]
[White "QUIRKE, JEFFREY L:PawnEatingZombi"]
[Black "CHEUNG, RYAN:H2ODerp"]
[Result "1-0"]
[ICCResult "Black resigns"]
[WhiteElo "2185"]
[BlackElo "2069"]
[Opening "Nimzo-Indian: classical, Pirc variation"]
[ECO "E39"]
[NIC "NI.21"]
[Time "18:02:09"]
[PlyCount "139"]
[TimeControl "4500+10"]

1. d4 Nf6 2. c4 e6 3. Nc3 Bb4 4. Qc2 c5 5. dxc5 O-O 6. a3 Bxc5 7. Nf3 b6 8.
Bf4 Bb7 9. Rd1 Nc6 10. e3 Rc8 11. Be2 h6 12. O-O Be7 13. Qb1 d6 14. Nb5 Ne8
15. Rd2 a6 16. Nxd6 Nxd6 17. Rfd1 Qc7 18. Bxd6 Bxd6 19. Rxd6 Rfd8 20. Qd3
Rxd6 21. Qxd6 Qxd6 22. Rxd6 Rc7 23. b4 Kf8 24. Rd1 Ke7 25. g4 f6 26. h4 Nb8
27. Nd4 Nd7 28. f4 Be4 29. h5 e5 30. Nf5+ Bxf5 31. gxf5 exf4 32. exf4 a5
33. Kf2 axb4 34. axb4 Nb8 35. Ra1 Nc6 36. Ra4 Kd6 37. Ke3 Ra7 38. Rxa7 Nxa7
39. Bf3 Nc8 40. Kd4 Ne7 41. Be4 Nc8 42. c5+ bxc5+ 43. bxc5+ Kd7 44. Kc4 Ne7
45. Kb5 Kc7 46. c6 Nc8 47. Kc5 Nd6 48. Bd3 Nf7 49. Kd5 Nd8 50. Bb5 Nf7 51.
Ke6 Nd6 52. Ba4 Ne4 53. Kf7 Ng3 54. Kg6 Kd6 55. Bd1 Kxc6 56. Bg4 Kd6 57.
Kxg7 Ke7 58. Kxh6 Kf7 59. Kh7 Nf1 60. h6 Ne3 61. Bh5+ Kf8 62. Kg6 Kg8 63.
Kxf6 Nd5+ 64. Ke5 Nb6 65. Bg6 Nd7+ 66. Ke6 Nf8+ 67. Ke7 Kh8 68. Ke8 Kg8 69.
Bf7+ Kh8 70. Kxf8 { Black resigns } 1-0

[Event "ICC tourney 2548 (75 10)"]
[Site "Internet Chess Club"]
[Date "2021.05.02"]
[Round "6"]
[White "FANG, JADEN:SaltyCarrot777"]
[Black "CHEN, RYO WENYU:e4f5"]
[Result "0-1"]
[ICCResult "White checkmated"]
[WhiteElo "2043"]
[BlackElo "2295"]
[Opening "Sicilian: Alapin's variation (2.c3)"]
[ECO "B22"]
[NIC "SI.46"]
[Time "18:02:18"]
[PlyCount "132"]
[TimeControl "4500+10"]

1. e4 c5 2. c3 d5 3. exd5 Qxd5 4. d4 g6 5. Nf3 Bg7 6. Be2 Nc6 7. Be3 cxd4
8. cxd4 Nf6 9. O-O O-O 10. Nc3 Qa5 11. h3 Rd8 12. Qd2 Bf5 13. Rfd1 Ne4 14.
Nxe4 Bxe4 15. Qxa5 Nxa5 16. Rac1 Nc6 17. Rd2 Rd7 18. Rcd1 Rad8 19. a3 Bxf3
20. Bxf3 Nxd4 21. Kf1 e5 22. g3 Rc7 23. Kg2 f5 24. h4 Kf7 25. h5 Ke6 26. b4
Rcd7 27. Bxd4 e4 28. Be2 Rxd4 29. Rxd4 Bxd4 30. a4 g5 31. f4 gxf4 32. gxf4
Rd6 33. b5 Kd5 34. Rc1 Be3 35. Rd1+ Kc5 36. Rxd6 Kxd6 37. Kg3 Kd5 38. Bf1
Bd2 39. Bh3 Ke6 40. Bf1 Be1+ 41. Kg2 Kd5 42. Be2 Kd4 43. Bd1 Ke3 44. Kf1
Bb4 45. Kg2 Kxf4 46. Kf2 h6 47. Be2 Ke5 48. Bd1 f4 49. Ke2 f3+ 50. Ke3 Bc5+
51. Kd2 Kf4 52. Ke1 e3 53. Kf1 e2+ 54. Bxe2 fxe2+ 55. Kxe2 Kg4 56. Kd3 Kxh5
57. Kc4 Bb6 58. Kd5 Kg5 59. Kd6 Ba5 60. Kd7 h5 61. Kc8 b6 62. Kb7 h4 63.
Kxa7 h3 64. Ka6 h2 65. Ka7 h1=Q 66. Ka6 Qa8# { White checkmated } 0-1

[Event "ICC tourney 2548 (75 10)"]
[Site "Internet Chess Club"]
[Date "2021.05.02"]
[Round "6"]
[White "MYSORE, ABHINAV NAVEEN:Mapking1"]
[Black "LI, ERIC YUHAN:funplaychess"]
[Result "0-1"]
[ICCResult "White resigns"]
[WhiteElo "2011"]
[BlackElo "2277"]
[Opening "Sicilian: Najdorf, Byrne (English) attack"]
[ECO "B90"]
[NIC "SI.14"]
[Time "18:02:19"]
[PlyCount "90"]
[TimeControl "4500+10"]

1. e4 c5 2. Nf3 d6 3. d4 cxd4 4. Nxd4 Nf6 5. Nc3 a6 6. Be3 e5 7. Nb3 Be6 8.
f3 Nbd7 9. Qd2 h5 10. O-O-O b5 11. Kb1 Qc7 12. Nd5 Bxd5 13. exd5 Nb6 14.
Bxb6 Qxb6 15. Bd3 g6 16. Qg5 Nd7 17. Rhe1 Bh6 18. Qh4 Kf8 19. g4 Bf4 20.
Bxg6 fxg6 21. Nd4 Kf7 22. gxh5 Rxh5 23. Qg4 Nf8 24. Ne6 Re8 25. Rg1 Rh6 26.
Nxf4 exf4 27. Qxf4+ Kg7 28. Rde1 Rh5 29. a4 Rhe5 30. Qh4 bxa4 31. Rd1 a3
32. b3 Qc5 33. Qd4 Nd7 34. Qg4 Nf8 35. Qa4 Re2 36. Qd4+ Qxd4 37. Rxd4 Rc8
38. Rc1 a2+ 39. Kxa2 Rexc2+ 40. Rxc2 Rxc2+ 41. Ka3 Rxh2 42. Ra4 Kf6 43. f4
Rd2 44. Rxa6 Rxd5 45. Rb6 Ne6 { White resigns } 0-1

[Event "ICC tourney 2548 (75 10)"]
[Site "Internet Chess Club"]
[Date "2021.05.02"]
[Round "6"]
[White "Volkov, Sergey:Volkov"]
[Black "HEBDEN, MARK L:mhebden"]
[Result "1-0"]
[ICCResult "Black resigns"]
[WhiteElo "2607"]
[BlackElo "2503"]
[Opening "King's Indian: Gligoric-Taimanov system"]
[ECO "E92"]
[NIC "KI.18"]
[Time "18:02:13"]
[PlyCount "69"]
[TimeControl "4500+10"]

1. d4 Nf6 2. c4 g6 3. Nc3 Bg7 4. e4 d6 5. Nf3 O-O 6. Be2 e5 7. Be3 c6 8. d5
Na6 9. Nd2 Ne8 10. O-O c5 11. Kh1 b6 12. a3 Bf6 13. Bg4 Bg5 14. Bxc8 Rxc8
15. Qg4 Bxe3 16. fxe3 Nac7 17. b4 Nf6 18. Qg5 Kg7 19. Rf3 Qe7 20. Rh3 Ng8
21. Qg4 Nh6 22. Qe2 f5 23. exf5 Rxf5 24. Nce4 Rcf8 25. bxc5 bxc5 26. g4
R5f7 27. Rg1 Ng8 28. Nf3 h6 29. Nh4 Qd7 30. Nxg6 Kxg6 31. Rh4 Nf6 32. g5
Ng8 33. Qh5+ Kg7 34. gxh6+ Kh8 35. Qg6 { Black resigns } 1-0

[Event "ICC tourney 2548 (75 10)"]
[Site "Internet Chess Club"]
[Date "2021.05.02"]
[Round "6"]
[White "YAN, RUIYANG:jy2020"]
[Black "VAKHIDOV, JAKHONGIR:TjkTiger"]
[Result "0-1"]
[ICCResult "White checkmated"]
[WhiteElo "2229"]
[BlackElo "2602"]
[Opening "Sicilian: accelerated fianchetto, Maróczy bind, 6.Be3"]
[ECO "B38"]
[NIC "SI.43"]
[Time "18:02:18"]
[PlyCount "128"]
[TimeControl "4500+10"]

1. e4 c5 2. Nf3 g6 3. d4 cxd4 4. Nxd4 Bg7 5. c4 Nc6 6. Be3 Qb6 7. Nb5 Qa5+
8. N1c3 Nf6 9. f3 a6 10. Nd4 Nxd4 11. Bxd4 d6 12. Be2 Be6 13. O-O O-O 14.
Rb1 Rfc8 15. b4 Qc7 16. Nd5 Bxd5 17. cxd5 Nd7 18. Be3 Qc3 19. Bf2 Qa3 20.
Qb3 Qxb3 21. axb3 Rc2 22. Bd3 Rd2 23. Rfd1 Rxd1+ 24. Rxd1 Rc8 25. b5 a5 26.
h4 b6 27. f4 Rc3 28. Bc4 a4 29. Be1 Re3 30. bxa4 Rxe4 31. Rc1 Bb2 32. Bd3
Rxa4 33. Rc4 Ra1 34. Kf2 Nf6 35. Be4 Rc1 36. Rxc1 Nxe4+ 37. Kf3 Bxc1 38.
Kxe4 f5+ 39. Kd3 Ba3 40. h5 gxh5 41. Bh4 Kf7 42. Bf2 Bc5 43. Bh4 e6 44.
dxe6+ Kxe6 45. Kc4 Be3 46. Bd8 Bf2 47. Bg5 d5+ 48. Kb4 Be1+ 49. Kb3 Kd6 50.
Bd8 Kc5 51. Ka4 d4 52. Be7+ Kc4 53. Ka3 Bc3 54. Ka2 d3 55. Kb1 Kxb5 56. Kc1
Kc4 57. Kd1 b5 58. Kc1 b4 59. Kb1 d2 60. Kc2 b3+ 61. Kd1 b2 62. Kc2 b1=Q+
63. Kxb1 d1=Q+ 64. Ka2 Qa1# { White checkmated } 0-1

[Event "ICC tourney 2548 (75 10)"]
[Site "Internet Chess Club"]
[Date "2021.05.02"]
[Round "6"]
[White "JORAJURIA MENDOZA, ALGOL:AJM04"]
[Black "OTAWA, YUTO:hidedozyo"]
[Result "1/2-1/2"]
[ICCResult "Game drawn by mutual agreement"]
[WhiteElo "2050"]
[BlackElo "2344"]
[Opening "Ruy Lopez: closed"]
[ECO "C90"]
[NIC "RL.19"]
[Time "18:02:20"]
[PlyCount "74"]
[TimeControl "4500+10"]

1. e4 e5 2. Nf3 Nc6 3. Bb5 a6 4. Ba4 Nf6 5. O-O Be7 6. Re1 b5 7. Bb3 d6 8.
a4 Bd7 9. c3 O-O 10. axb5 axb5 11. Rxa8 Qxa8 12. d4 Bg4 13. Qd3 b4 14. Nbd2
bxc3 15. bxc3 h6 16. dxe5 Nxe5 17. Nxe5 dxe5 18. f3 Rd8 19. Qe2 Qa7+ 20.
Kh1 Bc8 21. Bc4 Qa4 22. Nf1 Qc6 23. Qa2 Be6 24. Bxe6 Qxe6 25. Qxe6 fxe6 26.
Be3 Rd3 27. Rc1 Nd7 28. Kg1 Nc5 29. Rc2 Na4 30. c4 Bb4 31. Kf2 c5 32. Bd2
Kf7 33. Ke2 Rd4 34. Ne3 Bxd2 35. Rxd2 Ke7 36. h4 Nb6 37. h5 Kd6 { Game
drawn by mutual agreement } 1/2-1/2

[Event "ICC tourney 2548 (75 10)"]
[Site "Internet Chess Club"]
[Date "2021.05.02"]
[Round "6"]
[White "TURCOTTE,JONATHAN:JonnyTurgi"]
[Black "SHARMA, VISHRUTH:VishyNo1"]
[Result "1-0"]
[ICCResult "Black resigns"]
[WhiteElo "2100"]
[BlackElo "2081"]
[Opening "King's Indian: orthodox, 7...Nbd7"]
[ECO "E94"]
[NIC "KI.13"]
[Time "18:02:08"]
[PlyCount "101"]
[TimeControl "4500+10"]

1. d4 Nf6 2. c4 d6 3. Nf3 Nbd7 4. Nc3 e5 5. e4 g6 6. Be2 Bg7 7. O-O O-O 8.
Be3 exd4 9. Nxd4 Re8 10. f3 a6 11. Qd2 Ne5 12. Rac1 c5 13. Nc2 Be6 14. b3
Qc7 15. Rfd1 Red8 16. h3 Rab8 17. a4 Nc6 18. Nd5 Bxd5 19. cxd5 Ne5 20. Na3
Qe7 21. b4 Ned7 22. Nc4 Nh5 23. a5 Ne5 24. bxc5 dxc5 25. d6 Qh4 26. Bf2 Qf4
27. Qxf4 Nxf4 28. Bf1 Nd7 29. g3 Ne6 30. f4 Bd4 31. e5 b5 32. axb6 Nxb6 33.
Na5 Rd7 34. Nc6 Ra8 35. Nxd4 cxd4 36. Rc6 Nd5 37. Bxd4 Nb4 38. Rc4 a5 39.
Bc3 Rb8 40. Ra1 Nc2 41. Rc1 Ne3 42. Re4 Nxf1 43. Kxf1 Rb3 44. Rc4 f5 45.
Kg2 Ra7 46. Ba1 Ra3 47. Bd4 Rb7 48. Rc8+ Kg7 49. R8c7+ Nxc7 50. dxc7 Ra2+
51. Kh1 { Black resigns } 1-0

[Event "ICC tourney 2548 (75 10)"]
[Site "Internet Chess Club"]
[Date "2021.05.02"]
[Round "6"]
[White "JIANG, BRANDON:BranKing"]
[Black "WANG, ALEXANDER J:ickyquarter"]
[Result "0-1"]
[ICCResult "White resigns"]
[WhiteElo "2061"]
[BlackElo "2050"]
[Opening "Sicilian: Canal-Sokolsky attack, 3...Bd7"]
[ECO "B52"]
[NIC "SI.01"]
[Time "18:02:19"]
[PlyCount "120"]
[TimeControl "4500+10"]

1. e4 c5 2. Nf3 d6 3. Bb5+ Bd7 4. Bxd7+ Qxd7 5. O-O Nc6 6. c3 g6 7. d4 cxd4
8. cxd4 Bg7 9. Nc3 Nf6 10. Re1 O-O 11. Bg5 h6 12. Bh4 Rfd8 13. Qd2 Kh7 14.
Rad1 a6 15. Nd5 Rab8 16. Bxf6 Bxf6 17. e5 Bg7 18. Qf4 dxe5 19. dxe5 Qf5 20.
Qh4 Nxe5 21. Nxe5 Bxe5 22. Qxe7 Bxh2+ 23. Kxh2 Rxd5 24. Rxd5 Qxd5 25. b3
Rd8 26. Re5 Qd7 27. Qf6 Re8 28. Rxe8 Qxe8 29. Kg1 Qe6 30. Qf3 Qe7 31. a4
Kg7 32. Qc3+ Kh7 33. b4 Qd7 34. Qc4 Kg8 35. b5 axb5 36. axb5 Qe6 37. Qd4
Kh7 38. Qa7 Qe1+ 39. Kh2 Qe5+ 40. g3 Qxb5 41. Qd4 Qf5 42. Qb6 Qd5 43. Kg1
Qc6 44. Qb3 Qc7 45. Qd5 b6 46. Kg2 Kg7 47. Qd4+ Kg8 48. Qd5 Qc5 49. Qa8+
Kg7 50. Qa1+ Kg8 51. Qf6 Qd5+ 52. Kg1 b5 53. Qb6 Qc4 54. Qb8+ Kh7 55. f4
Qd5 56. Kh2 Qc4 57. g4 b4 58. g5 h5 59. Qe5 b3 60. f5 Qc2+ { White resigns
} 0-1

[Event "ICC tourney 2548 (75 10)"]
[Site "Internet Chess Club"]
[Date "2021.05.02"]
[Round "6"]
[White "AHMED, SYED IBRAHIM:mr-sosa"]
[Black "WOFFORD, MATTHEW:hoshibosh"]
[Result "1-0"]
[ICCResult "Black resigns"]
[WhiteElo "2086"]
[BlackElo "2155"]
[Opening "Nimzo-Indian: 4.e3 c5, 5.Ne2 (Rubinstein, anti-Hübner system)"]
[ECO "E42"]
[NIC "NI.16"]
[Time "18:02:14"]
[PlyCount "81"]
[TimeControl "4500+10"]

1. d4 Nf6 2. c4 e6 3. Nc3 Bb4 4. e3 c5 5. Ne2 Nc6 6. a3 Bxc3+ 7. Nxc3 d6 8.
b4 Bd7 9. Nb5 O-O 10. Nxd6 cxb4 11. Nxb7 Qe7 12. Bd3 e5 13. d5 e4 14. Be2
Qe5 15. Rb1 bxa3 16. Qd2 Qg5 17. dxc6 Bxc6 18. Na5 Rfd8 19. Qc3 a2 20. Ra1
Qxg2 21. Rf1 Bd7 22. Qe5 Bh3 23. Qg3 Qxg3 24. hxg3 Bxf1 25. Kxf1 Nd7 26.
Nc6 Re8 27. Rxa2 Re6 28. Nd4 Rb6 29. Ba3 Ne5 30. c5 Rb1+ 31. Kg2 g5 32. g4
a5 33. c6 Rc8 34. Rc2 Kg7 35. Ba6 Rh8 36. c7 h5 37. gxh5 Rxh5 38. c8=Q Rbh1
39. Bf8+ Kh7 40. Qf5+ Kg8 41. Qxe5 { Black resigns } 1-0

[Event "ICC tourney 2548 (75 10)"]
[Site "Internet Chess Club"]
[Date "2021.05.02"]
[Round "6"]
[White "MAITI, MILIND:milindm"]
[Black "BELOUS, VLADIMIR:Openyagami"]
[Result "1-0"]
[ICCResult "Black resigns"]
[WhiteElo "2247"]
[BlackElo "2602"]
[Opening "King's Indian: Kazakh variation"]
[ECO "E91"]
[NIC "KI.19"]
[Time "18:02:19"]
[PlyCount "75"]
[TimeControl "4500+10"]

1. d4 Nf6 2. c4 g6 3. Nc3 Bg7 4. e4 d6 5. Nf3 O-O 6. Be2 Na6 7. Bg5 h6 8.
Be3 e5 9. d5 Nc5 10. Nd2 a5 11. g4 Bd7 12. h4 Nh7 13. Qc2 f5 14. gxf5 gxf5
15. O-O-O a4 16. a3 fxe4 17. Bxc5 dxc5 18. Ndxe4 b6 19. Rdg1 Kh8 20. Bg4
Rf4 21. Bxd7 Qxd7 22. Rg6 Rg4 23. Rc6 Rf8 24. Nb5 Qf5 25. Re1 Nf6 26. Nbc3
Ne8 27. Qxa4 Rxh4 28. Qc2 h5 29. Nb5 Rg4 30. Nxc7 Nxc7 31. Rxc7 h4 32. Qd3
Rf4 33. d6 h3 34. d7 Rd8 35. Re3 Rh4 36. Rc8 Bf6 37. Nxf6 Rxc8 38. Qxf5 {
Black resigns } 1-0